 Dungeon Crawl Stone Soup version 0.29-a0-732-g3d7fbe0af2 (webtiles) character file.

Game seed: 4995317717800881468

43 Jeff420 the Chopper (level 3, -3/34 HPs)
             Began as a Minotaur Berserker on June 29, 2022.
             Was a Believer of Trog.
             Slain by a gnoll
             ... wielding a +0 spear
              (4 damage)
             ... on level 2 of the Dungeon.
             The game lasted 00:02:09 (1265 turns).

Jeff420 the Chopper (Minotaur Berserker)            Turns: 1265, Time: 00:02:09

Health: -3/34      AC:  2    Str: 23    XL:     3   Next: 37%
Magic:  2/2        EV: 12    Int:  4    God:    Trog [**....]
Gold:   82         SH:  0    Dex:  9    Spells: 2/2 levels left

rFire   . . .      SeeInvis .   a - +0 hand axe
rCold   . . .      Faith    .   (no shield)
rNeg    . . .      Spirit   .   b - +0 animal skin
rPois   .          Reflect  .   (helmet restricted)
rElec   .          Harm     .   (no cloak)
rCorr   .          Rampage  .   (no gloves)
Will    .....                   (no boots)
Stlth   +.........              (no amulet)
HPRegen 0.11/turn               (no ring)
MPRegen 0.08/turn               (no ring)

@: no status effects
A: horns 2, retaliatory headbutt
a: Renounce Religion, Berserk, Trog's Hand


You were on level 2 of the Dungeon.
You worshipped Trog.
Trog was pleased with you.
You visited 1 branch of the dungeon, and saw 2 of its levels.

You collected 82 gold pieces.

Inventory:

Hand Weapons
 a - a +0 hand axe (weapon)
Armour
 b - a +0 animal skin (worn)
Jewellery
 f - a +6 ring of strength
Scrolls
 c - a scroll of immolation {unknown}
 d - a scroll of magic mapping {unknown}
 e - a scroll of vulnerability {unknown}
 j - a scroll of fear {unknown}
 k - a scroll of teleportation {unknown}
Potions
 g - a potion of brilliance {unknown}
 h - 2 potions of curing {unknown}
 i - a potion of might {unknown}


   Skills:
 + Level 4.4 Fighting
 + Level 4.5 Axes
 + Level 2.7 Armour
 + Level 2.3 Dodging


You had 2 spell levels left.
You didn't know any spells.
Your spell library was empty.

Dungeon Overview and Level Annotations

Branches:
Dungeon (2/15)

Altars:


Innate Abilities, Weirdness & Mutations

You have a pair of horns on your head.
You reflexively headbutt those who attack you in melee.


Message History

Found a stone staircase leading up and a stone staircase leading down.
k - a scroll labelled JYWNEZ OBROZU An endoplasm comes into view.
The endoplasm quivers.
An endoplasm is nearby!
A gnoll comes into view. It is wielding a +0 whip.
The gnoll shouts!
The endoplasm misses you.
You hit the endoplasm but do no damage. The endoplasm hits you.
A gnoll comes into view. It is wielding a +0 flail.
The gnoll shouts!
You hit the endoplasm but do no damage. The endoplasm barely misses you.
You hit the endoplasm.
The endoplasm is almost dead.
The endoplasm hits you.
A gnoll comes into view. It is wielding a +0 spear.
The endoplasm freezes you.
You are frozen.
The gnoll shouts!
You hit the endoplasm.
You kill the endoplasm!
Trog accepts your kill.
You hit the gnoll. Your headbutt misses the gnoll.
The gnoll is moderately wounded.
The gnoll barely misses you.
You hit the gnoll.
The gnoll is heavily wounded.
The gnoll hits you with a +0 whip!
You barely miss the gnoll. Your headbutt misses the gnoll.
The gnoll is heavily wounded.
You barely miss the gnoll. You hit the gnoll.
The gnoll hits you with a +0 whip!
* * * LOW HITPOINT WARNING * * *
The gnoll hits you with a +0 flail!
* * * LOW HITPOINT WARNING * * *
You slash the gnoll!
The gnoll is severely wounded.
You barely miss the gnoll.
The gnoll hits you from afar with a +0 spear.
You die...

...............#.#
...............#.#
...............#.###
.........#####.....#
..####.#...........#
#.# #.#...........#
#+# #.#...........#
.#...........# ..
#.#####.g@..# .... #
###g### .... #g#
.... #.# .... #.#
#.# #.# ...


You could see 3 gnolls.

Vanquished Creatures
  An adder (D:2)
  A dart slug (D:2)
  4 ball pythons
  A bat (D:1)
  4 endoplasms
  A giant cockroach (D:2)
  2 goblins (D:1)
  4 hobgoblins
  4 jackals (D:2)
  A quokka (D:1)
  2 kobolds
  2 rats (D:1)
27 creatures vanquished.

Notes
Turn   | Place    | Note
-------+----------+-------------------------------------------
     0 | D:1      | Jeff420 the Minotaur Berserker began the quest for the Orb.
     0 | D:1      | Reached XP level 1. HP: 19/19 MP: 0/0
     6 | D:1      | Noticed a killer bee
     6 | D:1      | Noticed a rime drake
     6 | D:1      | Noticed a lindwurm
     7 | D:1      | Noticed a black bear
   331 | D:1      | Reached XP level 2. HP: 24/27 MP: 1/1
   402 | D:1      | Found a faded altar of an unknown god.
  1179 | D:2      | Reached ** piety under Trog
  1183 | D:2      | Reached XP level 3. HP: 29/33 MP: 2/2
  1264 | D:2      | HP: 1/34 [gnoll/+0 flail (7)]
  1265 | D:2      | Slain by a gnoll

Illustrated notes

Levels and vault maps discovered:
D:1:      onia_arrival_zoo_common, layout_loops_corners,
          shapermc_ecumenical_altar_starsandcircs, minmay_misc_feat_rows
D:2:      layout_basic, hangedman_feature_mirror, solitary_fountain

Skill      XL: |  1  2 |
---------------+-------+-----
Axes           | 4 |  4.5
Fighting       | 4 |  4.4
Armour         | |  2.7
Dodging        | |  2.3

Action                   || total
-------------------------++-------
Melee: Hand axe          ||    58
       Headbutt          ||     1
Armor: Animal skin       ||    11
Dodge: Dodged            ||    48

Table legend: (Time is in decaauts)
 A = Elapsed time spent in this place.
 B = Non-inter-level travel time spent in this place.
 C = Inter-level travel time spent in this place.
 D = Time resting spent in this place.
 E = Time spent auto-exploring this place.
 F = Levels seen in this place.
 G = Mean time per level.
                   A        B        C        D        E       F      G
               +--------+--------+--------+--------+--------+-----+--------+
         Total |   1270 |   1270 |      0 |      0 |   1047 |   2 |  635.0 |
       Dungeon |   1270 |   1270 |      0 |      0 |   1047 |   2 |  635.0 |
               +--------+--------+--------+--------+--------+-----+--------+

Top non-repeatable levels by time:
     D:1: 947 daAuts
     D:2: 323 daAuts
